 Dungeon Crawl Stone Soup version 0.25.1-2-g60ff931df9 (webtiles) character file.

Game seed: 9330299992999539364

121 Martska the Skirmisher (level 5, -1/50 HPs)
             Began as a Naga Fighter on Aug 10, 2020.
             Slain by a gnoll
             ... wielding a +0 flail
              (6 damage)
             ... on level 2 of the Dungeon.
             The game lasted 00:05:33 (3552 turns).

Martska the Skirmisher (Naga Fighter)               Turns: 3552, Time: 00:05:34

Health: -1/50      AC:  4    Str: 18    XL:     5   Next: 5%
Magic:  5/5        EV:  3    Int: 10    God:
Gold:   97         SH:  8    Dex: 10    Spells: 4/4 levels left

rFire    . . .     SeeInvis +   a - +0 trident
rCold    . . .     Gourm    .   c - +0 kite shield
rNeg     . . .     Faith    .   j - +0 leather armour
rPois    +         Spirit   .   (no helmet)
rElec    .         Reflect  .   (no cloak)
rCorr    .         Harm     .   e - +0 pair of gloves
MR       .....                  (no barding)
Stlth    +.........             (no amulet)
HPRegen  0.16/turn              m - -4 ring of evasion (curse)
MPRegen  0.09/turn              (no ring)

@: very slow
A: large, see invisible, deformed body, poison resistance, slowness 2, slow
metabolism 1, spit poison 1, AC +1
a: Spit Poison


You were on level 2 of the Dungeon.
You were not hungry.

You visited 1 branch of the dungeon, and saw 3 of its levels.

You collected 97 gold pieces.

Inventory:

Hand Weapons
 a - a +0 trident (weapon)
Armour
 b - a +0 scale mail
 c - a +0 kite shield (worn)
 e - a +0 pair of gloves (worn)
 j - a +0 leather armour (worn)
Jewellery
 k - an uncursed ring of positive energy
 m - a cursed -4 ring of evasion (left hand)
Scrolls
 h - a scroll of identify
 l - 2 scrolls of fear
 p - a scroll of fog {unknown}
Potions
 d - a potion of might
 g - a potion of ambrosia
 i - a potion of berserk rage {unknown}
 o - a potion of brilliance {unknown}
Comestibles
 f - 5 rations


   Skills:
 * Level 4.0 Fighting
 * Level 3.2 Polearms
 - Level 2.4 Armour
 + Level 1.2 Dodging
 + Level 2.9 Shields


You had 4 spell levels left.
You didn't know any spells.
Your spell library was empty.

Dungeon Overview and Level Annotations

Branches:
Dungeon (3/15)

Altars:
Nemelex Xobeh
Qazlal
Xom


Innate Abilities, Weirdness & Mutations

You cannot wear boots.
Your serpentine skin is tough. (AC +1)
You have supernaturally acute eyesight. (SInv)
Armour fits poorly on your strangely shaped body.
Your system is resistant to poisons. (rPois)
You cover ground very slowly.
You have a slow metabolism.
You can spit poison.


Message History

The orc hits you but does no damage. You block the gnoll's attack.
Your shield prevents you from hitting the orc.
The orc is almost dead.
The orc hits you but does no damage. You block the gnoll's attack.
The orc hits you but does no damage.
You barely miss the orc.
The orc is almost dead.
The gnoll barely misses you. You block the orc's attack.
You hit the orc.
You kill the orc!
The gnoll hits you with a +0 flail.
* * * LOW HITPOINT WARNING * * *
You hit the gnoll.
The gnoll is lightly wounded.
The gnoll hits you with a +0 flail!
* * * LOW HITPOINT WARNING * * *
You hit the gnoll.
The gnoll is moderately wounded.
The gnoll hits you with a +0 flail.
You die...

....###...#
##..####.......#....
....##..#.## ##.#
###.###...... ....#..##..#
#.# ##............
.####.####.#
#.###.......##.... .####.#
#.# #..#.........#....
.##...# #.#
##.#.#.......#.... )##.###
#.# ##...#.......#....
.#..#
####.#####))#..#.....######
...##
#.......##@###.#...>.##
#### #.........g#
#........##### ###
#........### #.............
..#####.......##
#.......>#####
#.............# #.......##
# #######.......#
###.#...## # #.......#
##........###### #.......#
##.........#.....
##.......#
#..........#.....


You could see a gnoll.

Vanquished Creatures
  2 adders
  2 gnolls (D:2)
  3 dart slugs
  A worm (D:1)
  4 leopard geckos
  5 orcs
  6 bats
  3 giant cockroaches
  7 goblins
  6 hobgoblins
  6 jackals
  A quokka (D:3)
  A ball python (D:2)
  4 frilled lizards
  7 kobolds
  4 rats
62 creatures vanquished.

Notes
Turn   | Place    | Note
-------+----------+-------------------------------------------
     0 | D:1      | Martska the Naga Fighter began the quest for the Orb.
     0 | D:1      | Reached XP level 1. HP: 21/21 MP: 1/1
   475 | D:1      | Reached XP level 2. HP: 25/28 MP: 2/2
  1144 | D:1      | Reached XP level 3. HP: 34/34 MP: 3/3
  2114 | D:2      | Reached XP level 4. HP: 44/44 MP: 4/4
  2151 | D:2      | Reached skill level 1 in Dodging
  2432 | D:3      | Found a shimmering altar of Xom.
  2432 | D:3      | Found a sparkling altar of Nemelex Xobeh.
  2432 | D:3      | Found a stormy altar of Qazlal.
  3247 | D:2      | Reached skill level 4 in Fighting
  3258 | D:2      | Reached XP level 5. HP: 5/50 MP: 5/5
  3552 | D:2      | Slain by a gnoll

Illustrated notes

Levels and vault maps discovered:
D:1:      minmay_arrival_four_circles, layout_basic
D:2:      layout_rooms, kennysheep_generic_room_16
D:3:      layout_rooms, gammafunk_temple_overflow_forgotten, elyvilon_altar_1,
          first_ration, kennysheep_boxes

Skill      XL: |  1  2  3  4 |
---------------+-------------+-----
Dodging        | 1 |  1.2
Polearms       | 3 |  3.2
Fighting       | 4 |  4.0
Armour         | |  2.4
Shields        | |  2.9

Action                   |  1- 3 |  4- 6 || total
-------------------------+-------+-------++-------
Melee: Trident           |   150 |    91 ||   241
  Use: Scroll            |       |     2 ||     2
  Eat: Chunk             |     2 |     1 ||     3
       Ration            |       |     1 ||     1
Armor: Scale mail        |    25 |       ||    25
       Leather armour    |    57 |    47 ||   104
Dodge: Dodged            |    58 |    23 ||    81
Block: Kite shield       |   106 |    62 ||   168
